AoeStats
← AiM | Facu1414

Socotra

505601053Analyzed
4v4 RM · 22d ago on Sep 10, 2026· 30m 32s· 8 players
Game mode
Random Map
Map size
148×148
Population
200
Speed
Normal
Resources
Standard
Victory
Conquest
Starting age
Dark Age
Ending age
Imperial Age
RankedLock teamsTeams togetherTeam positionsShared explorationLock speedFull tech treeHidden civsTurbo modeCheats
Victory
Defeat
🇹🇼 Maya · Taiwan
1728
+11
🇹🇼 Berbers · Taiwan
1607
+15
🇺🇸 Persians · United States
1581
+17
1511
+19
🇭🇰 Jurchens · Hong Kong SAR China
1626
-17
🇲🇽 Magyars · Mexico
1592
-15
🇦🇷 Khmer · Argentina
1588
-15
🇦🇷 Maya · Argentina
1575
-15
AiM | Fubuki Sinri
5:57 Loom
6:07 Loom
9:41 Feudal Age
15:48 Horse Collar
18:11 Scale Barding Armor
AIM | Agua cate 98
0:26 Loom
10:37 Feudal Age
11:16 Double-Bit Axe
16:41 Fletching
22:11 Wheelbarrow
22:51 Padded Archer Armor
AiM | Facu1414
6:03 Loom
6:50 Loom
8:48 Feudal Age
10:05 Double-Bit Axe
15:34 Forging
16:03 Scale Barding Armor
19:07 Bloodlines
St. John Ambulance
1:00 Loom
DS_SayGG
2:36 Loom
CTM | black forest best map
7:08 Loom
10:10 Feudal Age
12:20 Forging
16:43 Scale Barding Armor
17:13 Town Watch
17:20 Domestication
24:26 Castle Age
23:17 Double-Bit Axe
24:34 Light Cavalry
25:42 Chain Barding Armor
25:44 Husbandry
26:20 Bow Saw
26:19 Pastoralism
YanShiba
3:39 Loom
5:03 Loom
9:53 Feudal Age
10:31 Double-Bit Axe
11:02 Horse Collar
15:40 Scale Barding Armor
16:46 Forging
18:35 Wheelbarrow
22:32 Castle Age
21:39 Gold Mining
22:04 Bloodlines
24:16 Chain Barding Armor
24:51 Husbandry
26:57 Iron Casting
28:29 Bow Saw
29:39 Town Watch
29:53 Light Cavalry
2KM1
0:26 Loom
9:42 Feudal Age
11:12 Double-Bit Axe
14:16 Fletching
18:10 Padded Archer Armor
20:36 Wheelbarrow
24:11 Castle Age
22:19 Gold Mining
24:27 Crossbowman
25:26 Bow Saw
26:06 Horse Collar
26:25 Bodkin Arrow
32:16 Imperial Age
Connection lost

Rejoining the realm…

Still unreachable

The connection could not be restored.

Session expired

The server has moved on; the page needs a fresh start.